 Dungeon Crawl Stone Soup version 0.30.1 (webtiles) character file.

Game seed: 18086082845665038598

140 javelincjr the Caller (level 5, -1/33 HPs)
             Began as an Octopode Summoner on July 3, 2023.
             Slain by Natasha (3 damage)
             ... on level 3 of the Dungeon.
             The game lasted 00:05:53 (1828 turns).

javelincjr the Caller (Octopode Summoner)           Turns: 1828, Time: 00:05:53

Health: -1/33      AC:  1    Str:  7    XL:     5   Next: 22%
Magic:  6/8        EV: 10    Int: 19    God:
Gold:   139        SH:  7    Dex: 13    Spells: 6/9 levels left

rFire   . . .        g - +2 spear (pain)
rCold   . . .        k - +0 kite shield
rNeg    . . .        (helmet restricted)
rPois   .            (no amulet)
rElec   .            (no ring)
rCorr   .            (no ring)
SInv    .            (no ring)
Will    .....        (no ring)
Stlth   ++++         (no ring)
HPRegen 0.25/turn    (no ring)
MPRegen 0.11/turn    (no ring)
                     (no ring)

%: no passive effects
@: no status effects
A: almost no armour, amphibious, 8 rings, camouflage 1, gelatinous body 1,
(nimble swimmer 1), tentacles
a: no special abilities


You were on level 3 of the Dungeon.
You visited 1 branch of the dungeon, and saw 3 of its levels.

You collected 139 gold pieces.

Inventory:

Hand Weapons
 g - a +2 spear of pain (weapon)
Armour
 k - a +0 kite shield (worn)
Scrolls
 b - 2 scrolls of identify {unknown}
 d - 2 scrolls of noise {unknown}
 e - a scroll of immolation {unknown}
 f - a scroll of enchant armour {unknown}
Potions
 a - a potion of magic
 c - a potion of curing
 h - a potion of might {unknown}
 i - a potion of ambrosia {unknown}
 j - a potion of attraction {unknown}


   Skills:
 + Level 1.4 Fighting
 + Level 1.3 Polearms
 + Level 2.8 Dodging
 + Level 4.1 Stealth
 + Level 0.0 Shields
 + Level 2.6 Spellcasting
 + Level 4.4 Summonings


You had 6 spell levels left.
You knew the following spells:

 Your Spells              Type           Power      Damage    Failure   Level
a - Summon Small Mammal   Summ           76%        N/A       22%         1
b - Call Imp              Summ           38%        N/A       32%         2

Your spell library contained the following spells:

 Spells                   Type           Power      Damage    Failure   Level
 Call Canine Familiar     Summ           19%        N/A       54%         3
 Summon Guardian Golem    Hex/Summ       11%        N/A       86%         3
 Poisonous Vapours        Pois/Air       4%         N/A       91%         2
 Summon Lightning Spire   Summ/Air       11%        N/A       99%         4
 Anguish                  Hex/Necr       1%         N/A       100%        4
 Cause Fear               Hex            1%         N/A       100%        4
 Summon Mana Viper        Hex/Summ       11%        N/A       100%        5


Dungeon Overview and Level Annotations

Branches:
Dungeon (3/15)

Altars:

Annotations:
D:3 Grinder, Natasha


Innate Abilities, Weirdness & Mutations

You cannot wear most types of armour.
You are amphibious.
You can wear up to eight rings at the same time.
Your skin changes colour to match your surroundings (Stealth+).
Your rubbery body absorbs attacks. (AC +1, EV +1)
((You are camouflaged when in or above water. (Stealth+)))
You have tentacles for arms and can constrict up to eight enemies at once.


Message History

You resist with some effort.
The cerulean imp hits you from afar with a +1 spear.
Natasha claws you.
The cerulean imp hits you from afar with a +1 spear.
Your cerulean imp hits Natasha but does no damage.
You can move again.
Reach: g) +2 spear (pain)
Press: ? - help, Dir - move target, f - Natasha
Aim: Natasha (ally target, about 45% to evade your +2 spear of pain)
Okay, then.
You hit Grinder. You grab Grinder.
Grinder is severely wounded.
You constrict Grinder, but do no damage.
Grinder gestures at you. You resist with significant effort.
Natasha barely misses you. The cerulean imp closely misses you.
You block the cerulean imp's attack.
Your cerulean imp barely misses Natasha.
Grinder hits you.
* * * LOW HITPOINT WARNING * * *
You writhe in agony.
* * * LOW HITPOINT WARNING * * *
Natasha claws you.
* * * LOW HITPOINT WARNING * * *
It was a potion of curing.
You feel better.
You constrict Grinder. You block the cerulean imp's attack. x2
Your cerulean imp hits Natasha from afar with a -3 spear.
Grinder says, "Tell me all your secrets, or I'll kill you."
Grinder barely misses you. You block Natasha's attack.
You hit Grinder.
Grinder is almost dead.
You constrict Grinder. You block the cerulean imp's attack.
The cerulean imp hits you from afar with a +1 spear.
* * * LOW HITPOINT WARNING * * *
Your cerulean imp hits Natasha from afar with a -3 spear.
Grinder hits you.
* * * LOW HITPOINT WARNING * * *
You writhe in agony.
* * * LOW HITPOINT WARNING * * *
Natasha claws you.
You die...

#. #.... ..##..##...#
...##. ..##..##...# ......
.......##...####. ...$..
................. ....
.......#......... ...
##.5.........#####
#.###h.5........(.#
#..#.@5#.......##.# ##
#..5!.........###.###.
.r.g...##...........##..##.
.....#####.###....#.###†.#.
...........###..#.#........
.....####..........#####...
.. #.####............. #
#.# #...#..#.####.. #.#
#.#.##.#..# ##.


You could see Grinder, Natasha (ally target), 2 cerulean imps, a goblin (asleep)
and a friendly cerulean imp (summoned).

Vanquished Creatures
  A hound (D:3)
  3 adders
  A worm (D:2)
  A ball python (D:2)
  4 bats
  2 endoplasms
  A giant cockroach (D:3)
  2 hobgoblins
  2 quokkas
  3 frilled lizards
  A kobold (D:2)
  4 rats (D:2)
25 creatures vanquished.

Vanquished Creatures (collateral kills)
  A jelly (D:2)
  An adder (D:2)
  A worm (D:2)
  2 bats
  3 endoplasms
  A hobgoblin (D:1)
  4 kobolds (D:1)
  2 ball pythons
  2 rats (D:1)
17 creatures vanquished.

Grand Total: 42 creatures vanquished

Notes
Turn   | Place    | Note
-------+----------+-------------------------------------------
     0 | D:1      | javelincjr the Octopode Summoner began the quest for the
                  | Orb.
     0 | D:1      | Reached XP level 1. HP: 11/11 MP: 3/3
   294 | D:1      | Reached XP level 2. HP: 17/17 MP: 1/5
   346 | D:1      | Got Wemoazetz's Verses on the Oath and the Nimbus
   835 | D:1      | Learned a level 2 spell: Call Imp
   953 | D:2      | Reached XP level 3. HP: 22/22 MP: 1/6
  1030 | D:2      | Reached XP level 4. HP: 25/27 MP: 2/7
  1074 | D:2      | Found a faded altar of an unknown god.
  1127 | D:2      | Reached skill level 1 in Fighting
  1262 | D:2      | Reached skill level 1 in Polearms
  1767 | D:3      | Noticed Natasha
  1774 | D:3      | Reached XP level 5. HP: 28/33 MP: 8/8
  1779 | D:3      | Noticed Grinder
  1824 | D:3      | Paralysed by Grinder for 2 turns
  1828 | D:3      | Slain by Natasha

Illustrated notes

Levels and vault maps discovered:
D:1:      lightli_molten_gateway, layout_basic
D:2:      layout_rooms, shapermc_ecumenical_altar_flowoftime, grunt_ministairs_7
D:3:      layout_rooms, gammafunk_temple_of_torment, serial_shops,
          nicolae_book_shop_shelving, shop, uniq_robin, uniq_grinder,
          uniq_natasha

Skill      XL: |  1  2  3  4 |
---------------+-------------+-----
Stealth        | 3 4 |  4.1
Fighting       | 1 |  1.4
Polearms       | 1 |  1.3
Dodging        | |  2.8
Spellcasting   | |  2.6
Summonings     | |  4.4

Action                     |  1- 3 |  4- 6 || total
---------------------------+-------+-------++-------
  Melee: Unarmed           |    11 |       ||    11
         Constrict         |     6 |    25 ||    31
         Tentacles         |     4 |    17 ||    21
         Spear             |    12 |    76 ||    88
   Cast: Summon Small Mamm |    22 |     6 ||    28
         Call Imp          |     2 |     9 ||    11
    Use: Potion            |       |     1 ||     1
   Stab: Sleeping          |     3 |     3 ||     6
         Distracted        |     1 |     1 ||     2
 Armour: Skin              |     3 |     6 ||     9
  Dodge: Dodged            |    11 |    20 ||    31
  Block: Kite shield       |       |     6 ||     6
